 Dungeon Crawl Stone Soup version 0.30.0-17-ge0270778cf (webtiles) character file.

Game seed: 16068441000788623362

455 domi the Digger (level 7, -13/49 (50) HPs)
             Began as a Meteoran Earth Elementalist on May 21, 2023.
             Was an Initiate of Kikubaaqudgha.
             Mangled by a brown ugly thing (16 damage)
             ... on level 7 of the Dungeon.
             The game lasted 00:07:00 (699 turns).

domi the Digger (Meteoran Earth Elementalist)        Turns: 699, Time: 00:07:00

HP:   -13/49 (50)   AC: -1    Str:  9    XL:     7   Next: 52%
MP:   10/12         EV: 12    Int: 20    God:    Kikubaaqudgha [......]
Gold: 107           SH:  0    Dex: 14    Spells: 5/11 levels left

rFire   . . .        e - +3 dagger
rCold   . . .        (no shield)
rNeg    . . .        a - +1 robe
rPois   .            (no helmet)
rElec   .            (no cloak)
rCorr   .            (no gloves)
SInv    .            (no boots)
Will    .....        f - amulet of magic regeneration
Stlth   +            (no ring)
HPRegen 0.28/turn    (no ring)
MPRegen 0.53/turn

%: no passive effects
@: corroded, glowing, lightly drained
A: sense surroundings 1, otherworldly, glowing, explore regen
a: Renounce Religion


You were on level 7 of the Dungeon.
You worshipped Kikubaaqudgha.
Kikubaaqudgha was noncommittal.
You visited 1 branch of the dungeon, and saw 7 of its levels.

You collected 107 gold pieces.

Inventory:

Hand Weapons
 c - a +0 war axe
   (You found it on level 1 of the Dungeon)
 e - a +3 dagger (weapon)
   (You found it on level 1 of the Dungeon)
Armour
 a - a +1 robe (worn)
Jewellery
 f - an amulet of magic regeneration (around neck)
   (You found it on level 1 of the Dungeon)
Scrolls
 i - 2 scrolls of identify {@r1}
Potions
 h - a potion of degeneration {!q}


   Skills:
 - Level 2.4 Dodging
 - Level 1.4 Stealth
 - Level 2.6 Spellcasting
 - Level 5.0 Conjurations
 - Level 1.2 Transmutations
 + Level 7.6 Earth Magic


You had 5 spell levels left.
You knew the following spells:

 Your Spells              Type           Power      Damage    Failure   Level
x - Stone Arrow           Conj/Erth      56%        3d10      3%          3
z - Sandblast             Erth           66%        2d15      1%          1
N - Passwall              Tmut/Erth      16%        N/A       3%          2

Your spell library contained the following spells:

 Spells                   Type           Power      Damage    Failure   Level
 Lesser Beckoning         Tloc           4%         N/A       22%         2
 Petrify                  Tmut/Erth      20%        N/A       24%         4
 Gell's Gravitas          Tloc           2%         N/A       41%         3
 Teleport Other           Tloc           2%         N/A       41%         3


Dungeon Overview and Level Annotations

Branches:
Dungeon (7/15) Zot: 3473
 Temple: D:4-7

Altars:
Kikubaaqudgha
Xom
Zin


Innate Abilities, Weirdness & Mutations

You passively map a small area around you.
You are easily found by Zot.
You glow in the dark.
You regain HP and MP as you explore.


Message History

You kill the orc!
Kikubaaqudgha accepts your kill.
The centaur shoots an arrow.
The arrow hits you.
The centaur shoots an arrow.
The arrow hits you!
Okay, then.
You aren't carrying any items that you can evoke.
Unknown command.
The orc attacks as you move away! The orc hits you with a +0 whip.
Press: ? - help, Shift-Dir - straight line, f - centaur
Aim: a centaur, wielding a +3 shortbow (90% to hit)
Okay, then.
Press: ? - help, Shift-Dir - straight line, f - centaur
Aim: a centaur, wielding a +3 shortbow (83% to hit)
The stone arrow hits the orc!!
You kill the orc!
Kikubaaqudgha accepts your kill.
The centaur shoots an arrow.
The arrow closely misses you.
Press: ? - help, Shift-Dir - straight line, f/p - centaur
Aim: a centaur, wielding a +3 shortbow (83% to hit)
The stone arrow hits the centaur!!
You kill the centaur!
Kikubaaqudgha accepts your kill.
Your Earth Magic skill increases to level 7!
You have reached level 7!
Press: ? - help, Shift-Dir - straight line, f - sky beast
Aim: a sky beast (60% to hit)
The stone arrow hits the sky beast!
Press: ? - help, Shift-Dir - straight line, f/p - sky beast
Aim: a sky beast (moderately wounded, 60% to hit)
The stone arrow hits the sky beast!
The sky beast hits you but does no damage.
You don't have enough magic to cast this spell.
Unknown command.
Press: ? - help, Shift-Dir - straight line, f/p - sky beast
Aim: a sky beast (severely wounded, 78% to hit)
The blast of sand hits the sky beast!
You kill the sky beast!
Kikubaaqudgha accepts your kill.
Training target 5.0 for Conjurations reached!
Your Conjurations skill increases to level 5!
Magic courses through your body.
Press: ? - help, Shift-Dir - straight line, f - orc
Aim: an orc, wielding a +0 flail (84% to hit)
The blast of sand hits the orc.
The orc hits you with a +0 flail.
Press: ? - help, Shift-Dir - straight line, f/p - orc
Aim: an orc, wielding a +0 flail (moderately wounded, 84% to hit)
The blast of sand hits the orc!
You kill the orc!
Kikubaaqudgha accepts your kill.
The orc hits you with a +1 mace of draining.
You feel drained.
Press: ? - help, Shift-Dir - straight line, f - orc
Aim: an orc, wielding a +1 mace of draining and wearing a +0 leather armour (84% to hit)
The blast of sand hits the orc!
You kill the orc!
Kikubaaqudgha accepts your kill.
Items here: ))) [ ††.
Okay, then.
There is an open door, spattered with blood here.
Items here: ))) [[ ††.
You open the door.
There is an open door here.
Found an escape hatch in the ceiling.
There is an escape hatch in the ceiling here.
A brown ugly thing comes into view.
The brown ugly thing gurgles horribly!
Press: ? - help, Shift-Dir - straight line, f - brown ugly thing
Aim: a brown ugly thing (71% to hit)
Okay, then.
Press: ? - help, Shift-Dir - straight line, f - brown ugly thing
Aim: a brown ugly thing (84% to hit)
The blast of sand hits the brown ugly thing!!
The brown ugly thing barely misses you.
Press: ? - help, Shift-Dir - straight line, f/p - brown ugly thing
Aim: a brown ugly thing (moderately wounded, 84% to hit)
The blast of sand hits the brown ugly thing!
The brown ugly thing bites you but does no damage.
The brown ugly thing bites you!
You are splashed with acid!
Press: ? - help, Shift-Dir - straight line, f/p - brown ugly thing
Aim: a brown ugly thing (heavily wounded, 84% to hit)
The blast of sand hits the brown ugly thing but does no damage.
The brown ugly thing bites you!
You are splashed with acid.
Press: ? - help, Shift-Dir - straight line, f/p - brown ugly thing
Aim: a brown ugly thing (heavily wounded, 84% to hit)
The blast of sand hits the brown ugly thing!
The brown ugly thing closely misses you. x2
Press: ? - help, Shift-Dir - straight line, f/p - brown ugly thing
Aim: a brown ugly thing (severely wounded, 84% to hit)
The blast of sand hits the brown ugly thing but does no damage.
The brown ugly thing misses you.
Press: ? - help, Shift-Dir - straight line, f/p - brown ugly thing
Aim: a brown ugly thing (severely wounded, 84% to hit)
The blast of sand hits the brown ugly thing.
The brown ugly thing bites you!
* * * LOW HITPOINT WARNING * * *
The acid corrodes you!
You are splashed with acid!
* * * LOW HITPOINT WARNING * * *
The brown ugly thing bites you!
You die...
Kikubaaqudgha rasps: "You have failed me!
Welcome... death!"

, , #.#.# * #.#.#.#.#
#≈...≈##.#.#.#.#.#.#.#.
#≈.≈.≈#.#.#.#.#.#.#.#.#
#≈.≈.≈##.#.#.#.#.#.#.#.
##..≈..#.#.#.#.#.#.#.#.#
#≈.....≈#.#.#.#.#.#.#.#.
#≈.....≈+#.#.#.#<#.#.#.#
.≈.≈.≈.≈....#.#.#.#.....
...≈.≈.@...#.#.#.#......
..≈...≈u...########.....
..≈.≈.≈....# #.....
*...........# #.....
....≈(.....# ######
.≈≈≈.≈≈≈...#
.≈≈...≈≈...#
*....?......# ,


You could see a brown ugly thing.

Vanquished Creatures
  An acid dragon (D:5)
  A sky beast (D:7)
  A centaur (D:7)
  2 hounds (D:5)
  An orc wizard (D:7)
  An iguana (D:3)
  3 adders
  2 dart slugs (D:1)
  4 orcs (D:7)
  3 ball pythons (D:1)
  2 endoplasms
  2 giant cockroaches
  3 goblins
  2 hobgoblins (D:1)
  2 quokkas (D:1)
  3 kobolds
33 creatures vanquished.

Notes
Turn   | Place    | Note
-------+----------+-------------------------------------------
     0 | D:1      | domi the Meteoran Earth Elementalist began the quest for
                  | the Orb.
     0 | D:1      | Reached XP level 1. HP: 14/14 MP: 5/5
    34 | D:1      | Reached skill level 4 in Earth Magic
    34 | D:1      | Reached XP level 2. HP: 20/20 MP: 1/6
   190 | D:1      | Reached XP level 3. HP: 23/26 MP: 4/8
   193 | D:1      | Learned a level 2 spell: Passwall
   197 | D:1      | Learned a level 3 spell: Stone Arrow
   381 | D:3      | Reached skill level 1 in Conjurations
   381 | D:3      | Reached skill level 5 in Earth Magic
   381 | D:3      | Reached XP level 4. HP: 18/33 MP: 7/9
   430 | D:4      | Noticed an angel
   431 | D:4      | Found a glowing silver altar of Zin.
   431 | D:4      | Found a shimmering altar of Xom.
   451 | D:4      | Noticed a scorpion
   459 | D:4      | Found an ancient bone altar of Kikubaaqudgha.
   466 | D:4      | Became a worshipper of Kikubaaqudgha
   495 | D:5      | Entered Level 5 of the Dungeon
   527 | D:5      | Noticed an acid dragon
   530 | D:5      | HP: 7/33 [acid dragon/splash of acid (8)]
   532 | D:5      | Killed an acid dragon
   533 | D:5      | Reached skill level 3 in Conjurations
   533 | D:5      | Reached skill level 6 in Earth Magic
   533 | D:5      | Reached XP level 5. HP: 8/38 MP: 8/10
   533 | D:5      | Reached XP level 6. HP: 10/45 MP: 8/11
   556 | D:5      | Reached skill level 4 in Conjurations
   649 | D:7      | Noticed a centaur
   649 | D:7      | Noticed a sky beast
   655 | D:7      | Killed a centaur
   656 | D:7      | Reached skill level 7 in Earth Magic
   656 | D:7      | Reached XP level 7. HP: 19/50 MP: 6/12
   659 | D:7      | Reached skill level 5 in Conjurations
   690 | D:7      | Noticed a brown ugly thing
   699 | D:7      | HP: 11/49 [brown ugly thing (7)]
   699 | D:7      | HP: 3/49 [acid (8)]
   699 | D:7      | Mangled by a brown ugly thing

Illustrated notes

Levels and vault maps discovered:
D:1:      amcnicky_arrival_double_pillar, layout_loops_corners,
          ebering_dispersal_statue_hall, chequers_serial_rivers_micro_a,
          minmay_tetromino_s4
D:2:      layout_loops_corners, basic_altar
D:3:      layout_basic, mainiacjoe_overflow_alcove_4, serial_shops,
          nicolae_shop_overgrown_old_shop, uniq_jessica, uniq_grinder
D:4:      layout_basic, vehumet_statue, marbit_many_paths,
          grunt_temple_overflow_order_and_chaos_1, item_on_display_a
D:5:      layout_basic, chequers_temple_overflow_statue_of_worship,
          mainiacjoe_overflow_six_doors_small
D:6:      layout_loops_ring, minmay_temple_entry_arrows,
          nicolae_kite_square_tiling_tiny, chequers_mini_garden
D:7:      layout_basic, nicolae_uskayaw_suspiria

Skill      XL: |  1  2  3  4  5  6  7 |
---------------+----------------------+-----
Earth Magic    | 4 5 6 7 |  7.6
Conjurations   | 1 3 4 5 |  5.0
Dodging        | |  2.4
Stealth        | |  1.4
Spellcasting   | |  2.6
Transmutations | |  1.2

Action                     |  1- 3 |  4- 6 |  7- 9 || total
---------------------------+-------+-------+-------++-------
  Melee: War axe           |     1 |       |       ||     1
         Dagger            |     1 |       |       ||     1
   Cast: Sandblast         |    27 |    17 |    10 ||    54
         Passwall          |     2 |    16 |       ||    18
         Stone Arrow       |       |     3 |     2 ||     5
    Use: Scroll            |       |     4 |       ||     4
         Potion            |       |       |     1 ||     1
 Armour: Robe              |     4 |     3 |     2 ||     9
  Dodge: Dodged            |     4 |    11 |     4 ||    19

Levels and vault maps discovered:
D:1:      amcnicky_arrival_double_pillar, layout_loops_corners,
          ebering_dispersal_statue_hall, chequers_serial_rivers_micro_a,
          minmay_tetromino_s4
D:2:      layout_loops_corners, basic_altar
D:3:      layout_basic, mainiacjoe_overflow_alcove_4, serial_shops,
          nicolae_shop_overgrown_old_shop, uniq_jessica, uniq_grinder
D:4:      layout_basic, vehumet_statue, marbit_many_paths,
          grunt_temple_overflow_order_and_chaos_1, item_on_display_a
D:5:      layout_basic, chequers_temple_overflow_statue_of_worship,
          mainiacjoe_overflow_six_doors_small
D:6:      layout_loops_ring, minmay_temple_entry_arrows,
          nicolae_kite_square_tiling_tiny, chequers_mini_garden
D:7:      layout_basic, nicolae_uskayaw_suspiria

Table legend: (Time is in decaauts)
 A = Elapsed time spent in this place.
 B = Non-inter-level travel time spent in this place.
 C = Inter-level travel time spent in this place.
 D = Time resting spent in this place.
 E = Time spent auto-exploring this place.
 F = Levels seen in this place.
 G = Mean time per level.
                   A        B        C        D        E       F      G
               +--------+--------+--------+--------+--------+-----+--------+
         Total |    724 |    724 |      0 |      0 |      2 |   7 |  103.4 |
       Dungeon |    724 |    724 |      0 |      0 |      2 |   7 |  103.4 |
               +--------+--------+--------+--------+--------+-----+--------+

Top non-repeatable levels by time:
     D:1: 289 daAuts
     D:7: 115 daAuts
     D:3: 110 daAuts
     D:5: 87 daAuts
     D:4: 81 daAuts
     D:2: 32 daAuts
     D:6: 7 daAuts

Table legend:
 A = Kills in this place as a percentage of kills in the entire game.
 B = Kills by you in this place as a percentage of kills by you in the entire game.
 C = Kills by friends in this place as a percentage of kills by friends in the entire game.
 D = Other kills in this place as a percentage of other kills in the entire game.
 E = Experience gained in this place as a percentage of experience gained in the entire game.
 F = Experience gained in this place divided by the number of levels of this place that you have seen.
                   A       B       C       D       E      F
               +-------+-------+-------+-------+-------+----------------------
         Total | 100.0 | 100.0 |   N/A |   N/A | 100.0 |  93.0
       Dungeon | 100.0 | 100.0 |   N/A |   N/A | 100.0 |  93.0
               +-------+-------+-------+-------+-------+----------------------
